 Dungeon Crawl Stone Soup version 0.28-a0-991-g956f0ee3d5 (webtiles) character file.

Game seed: 8299948777707308430

2303 Aksej the Covert (level 9, -5/62 HPs)
             Began as an Octopode Monk on Dec 5, 2021.
             Slain by a five-headed hydra (10 damage)
             ... on level 7 of the Dungeon.
             The game lasted 00:18:06 (8185 turns).

Aksej the Covert (Octopode Monk)                    Turns: 8185, Time: 00:18:06

Health: -5/62      AC:  1    Str: 11    XL:     9   Next: 40%
Magic:  9/9        EV: 20    Int: 12    God:
Gold:   407        SH:  0    Dex: 28    Spells: 8/8 levels left

rFire   . . .      SeeInvis .   a - +2 hand axe (flame)
rCold   + . .      Faith    .   (no shield)
rNeg    . . .      Spirit   .   (helmet restricted)
rPois   .          Reflect  .   (no amulet)
rElec   .          Harm     .   b - +6 ring of dexterity
rCorr   .          Rampage  .   (no ring)
Will    .....      Clarity  +   (no ring)
Stlth   ++++++....              (no ring)
HPRegen 0.20/turn               (no ring)
MPRegen 0.11/turn               (no ring)
                                (no ring)
                                (no ring)

@: no status effects
A: almost no armour, amphibious, 8 rings, camouflage 1, gelatinous body 1,
(nimble swimmer 1), tentacles, agile 2, clarity, cold resistance 1
a: no special abilities


You were on level 7 of the Dungeon.
You visited 2 branches of the dungeon, and saw 8 of its levels.

You collected 407 gold pieces.

Inventory:

Hand Weapons
 a - a +2 hand axe of flaming (weapon)
 k - the +10 dagger of Zocaur {flame, *Noise rPois rF+ rCorr}
   (You found it on level 5 of the Dungeon)

   It burns those it strikes, dealing additional fire damage.
   rF:        It protects you from fire.
   rPois:     It protects you from poison.
   *Noise:    It may make noises in combat.
   rCorr:     It protects you from acid and corrosion.
Missiles
 e - 8 boomerangs (quivered)
Jewellery
 b - a +6 ring of dexterity (left tentacle)
Wands
 m - a wand of polymorph (12)
Scrolls
 c - 5 scrolls of identify
 f - 3 scrolls of teleportation
 i - a scroll of torment
 j - a scroll of amnesia
 l - a scroll of silence
Potions
 g - 2 potions of attraction


   Skills:
 * Level 6.2 Fighting
 + Level 3.9 Axes
 + Level 0.6 Throwing
 * Level 6.8 Dodging
 + Level 9.3 Stealth
 + Level 5.9 Unarmed Combat


You had 8 spell levels left.
You didn't know any spells.
Your spell library contained the following spells:

 Spells                   Type           Power      Damage    Failure   Level
 Apportation              Tloc           0%         N/A       32%         1
 Summon Small Mammal      Summ           0%         N/A       32%         1
 Call Canine Familiar     Summ           0%         N/A       69%         3
 Dazzling Flash           Conj/Hex       0%         N/A       69%         3
 Summon Guardian Golem    Hex/Summ       0%         N/A       69%         3
 Tukima's Dance           Hex            0%         N/A       69%         3
 Iskenderun's Mystic Bla  Conj/Tloc      0%         2d3       97%         4
 Passage of Golubria      Tloc           0%         N/A       97%         4
 Alistair's Intoxication  Tmut/Pois      0%         N/A       100%        5
 Yara's Violent Unravell  Hex/Tmut       0%         3d3       100%        5
 Starburst                Conj/Fire      0%         6d3       100%        6
 Orb of Destruction       Conj           0%         N/A       100%        7
 Spellforged Servitor     Conj/Summ      0%         N/A       100%        7


Dungeon Overview and Level Annotations

Branches:
Dungeon (7/15)             Temple (1/1) D:6

Altars:
Ashenzari
Cheibriados
Elyvilon
Gozag
Hepliaklqana
Kikubaaqudgha
Makhleb
Nemelex Xobeh
Okawaru
Qazlal
Ru
Sif Muna
Trog
Uskayaw
Xom
Yredelemnul
Zin
The Shining One

Annotations:
D:4 2 transporters, Glokmah's ghost, amateur PaFi
D:6 1 transporter, xoxolimbo's ghost, novice DsFE
D:7 2 transporters, hyperldf's ghost, novice TeCj


Innate Abilities, Weirdness & Mutations

You cannot wear most types of armour.
You are amphibious.
You can wear up to eight rings at the same time.
Your skin changes colour to match your surroundings (Stealth+).
Your rubbery body absorbs attacks. (AC +1, EV +1)
((You are camouflaged near water. (Stealth+)))
You have tentacles for arms and can constrict up to eight enemies at once.
You are very agile. (Dex +4)
You possess an exceptional clarity of mind.
Your flesh is cold resistant. (rC+)


Message History

You now have 407 gold pieces (gained 7).
An eight-headed hydra comes into view.
Okay, then.
Found 2 potions of mutation.
The helpless eight-headed hydra fails to defend itself.
You hack one of the eight-headed hydra's heads off!
The flame cauterises the wound!
You slash the seven-headed hydra! You burn the seven-headed hydra.
You tentacle-slap the seven-headed hydra.
The seven-headed hydra is moderately wounded.
The seven-headed hydra closely misses you.
The seven-headed hydra bites you!
The seven-headed hydra barely misses you.
The seven-headed hydra misses you. The seven-headed hydra bites you!
The seven-headed hydra bites you.
The seven-headed hydra completely misses you.
You chop one of the seven-headed hydra's heads off!
The flame cauterises the wound!
You slash the six-headed hydra! You burn the six-headed hydra.
You squeeze the six-headed hydra, but do no damage.
The six-headed hydra is moderately wounded.
The six-headed hydra misses you.
The six-headed hydra closely misses you.
The six-headed hydra completely misses you. x2
The six-headed hydra misses you.
The six-headed hydra completely misses you. x2
The six-headed hydra barely misses you. The six-headed hydra misses you.
The six-headed hydra barely misses you. The six-headed hydra bites you.
The six-headed hydra bites you!
* * * LOW HITPOINT WARNING * * *
You slice one of the six-headed hydra's heads off!
The flame cauterises the wound!
You hit the five-headed hydra. You burn the five-headed hydra.
The five-headed hydra is heavily wounded.
The five-headed hydra closely misses you.
The five-headed hydra bites you!
* * * LOW HITPOINT WARNING * * *
The five-headed hydra bites you but does no damage.
The five-headed hydra bites you!
You die...

...## ... ..##### ..
.....! .... .. .....
.... . # #.#.# #..#
# #.##.#.###..#### .
.........$... #..#
##..##D#.###..# ..#
.......@......######
..#
.#..##...$..........
..#
#.#.###..########.#
#.#.# #....# #.##.#
#.#.# #..#.# #.##.#
......#..#.###.##.#
#.#.#.............#
#.#.#..............
##. .......####..###


You could see a five-headed hydra.

Vanquished Creatures
  Eustachio (D:4)
  A wraith (D:7)
  3 water moccasins
  An orc warrior (D:7)
  A black bear (D:4)
  A necrophage (D:7)
  An ogre (D:6)
  A phantom (D:4)
  A bullfrog (D:7)
  2 scorpions
  A wyvern zombie (D:7)
  2 howler monkeys
  5 wights (D:6)
  2 bullfrog zombies (D:6)
  2 jellies
  A hound (D:5)
  A centaur zombie (D:7)
  Jessica (D:2)
  Natasha (thrice) (D:2)
  An iguana (D:5)
  2 orc wizards (D:7)
  Robin (D:4)
  9 adders
  A white imp (D:6)
  An adder skeleton (D:4)
  2 worms
  A dart slug (D:2)
  5 orcs
  6 ball pythons
  7 endoplasms
  3 giant cockroaches
  15 goblins
  8 hobgoblins
  3 jackals (D:2)
  9 bats
  2 frilled lizards
  4 kobolds
  7 rats
118 creatures vanquished.

Vanquished Creatures (collateral kills)
  Sigmund (D:2)
  An orc wizard (D:7)
2 creatures vanquished.

Vanquished Creatures (others)
  A black bear (D:6)
  6 plants (D:4)
7 creatures vanquished.

Grand Total: 127 creatures vanquished

Notes
Turn   | Place    | Note
-------+----------+-------------------------------------------
     0 | D:1      | Aksej the Octopode Monk began the quest for the Orb.
     0 | D:1      | Reached XP level 1. HP: 16/16 MP: 1/1
    69 | D:1      | Found a burning altar of Makhleb.
    80 | D:1      | Reached XP level 2. HP: 14/21 MP: 2/2
   416 | D:1      | Found a faded altar of an unknown god.
   673 | D:1      | Reached skill level 3 in Stealth
  1081 | D:2      | Noticed Natasha
  1085 | D:2      | Noticed a crimson imp
  1089 | D:2      | Killed Natasha
  1090 | D:2      | Reached XP level 3. HP: 10/26 MP: 3/3
  1375 | D:2      | Noticed Sigmund
  1385 | D:2      | Killed Sigmund
  1386 | D:2      | Reached skill level 4 in Stealth
  1386 | D:2      | Reached XP level 4. HP: 16/33 MP: 4/4
  1386 | D:2      | Reached XP level 5. HP: 18/37 MP: 5/5
  1663 | D:2      | Reached XP level 6. HP: 43/43 MP: 6/6
  1765 | D:2      | Noticed Natasha
  1774 | D:2      | Killed Natasha
  1910 | D:2      | Noticed Natasha
  1931 | D:2      | Killed Natasha
  2165 | D:2      | Noticed Jessica
  2171 | D:2      | Killed Jessica
  2446 | D:2      | Gained mutation: Your system is resistant to poisons.
                  | (rPois) [potion of mutation]
  2446 | D:2      | Gained mutation: One of your tentacles bears a spike.
                  | [potion of mutation]
  2561 | D:3      | Reached skill level 5 in Stealth
  2690 | D:3      | Found a shimmering altar of Xom.
  2829 | D:3      | Found a glowing golden altar of the Shining One.
  2996 | D:4      | Noticed a black bear
  3016 | D:4      | Killed a black bear
  3017 | D:4      | Reached XP level 7. HP: 43/49 MP: 7/7
  3020 | D:4      | Found a transporter.
  3117 | D:4      | Found an opulent altar of Gozag.
  3252 | D:4      | Noticed Eustachio
  3268 | D:4      | Reached skill level 5 in Dodging
  3268 | D:4      | Reached skill level 6 in Stealth
  3328 | D:4      | Killed Eustachio
  3329 | D:4      | Reached skill level 5 in Unarmed Combat
  3606 | D:4      | Noticed Robin
  3623 | D:4      | Killed Robin
  3906 | D:4      | You fall into a shaft and drop 2 floors!
  4009 | D:5      | Entered Level 5 of the Dungeon
  4331 | D:5      | Reached skill level 7 in Stealth
  4331 | D:5      | Reached XP level 8. HP: 44/54 MP: 8/8
  4510 | D:4      | Found a transporter.
  4511 | D:4      | Noticed Glokmah's ghost (amateur PaFi)
  5012 | D:5      | Reached skill level 5 in Fighting
  5152 | D:5      | Identified the +10 dagger of Zocaur {flame, *Noise rPois
                  | rF+ rCorr}
  5202 | D:5      | Found a hazy altar of Hepliaklqana.
  5233 | D:5      | Identified the +1 ring mail "Noinam" {rElec Dex-3 Slay+2}
  5453 | D:6      | Noticed xoxolimbo's ghost (novice DsFE)
  5582 | D:6      | Found a transporter.
  6329 | D:6      | Found a staircase to the Ecumenical Temple.
  6338 | Temple   | Entered the Ecumenical Temple
  6599 | D:6      | Reached skill level 1 in Axes
  6845 | D:6      | Reached skill level 8 in Stealth
  7133 | D:7      | Reached XP level 9. HP: 32/62 MP: 9/9
  7605 | D:7      | Reached skill level 9 in Stealth
  7640 | D:7      | HP: 3/62 [wraith (10)]
  7650 | D:7      | Lost mutation: One of your tentacles bears a spike. [potion
                  | of mutation]
  7650 | D:7      | Lost mutation: Your system is resistant to poisons. (rPois)
                  | [potion of mutation]
  7650 | D:7      | Gained mutation: You possess an exceptional clarity of
                  | mind. [potion of mutation]
  7650 | D:7      | Gained mutation: Your flesh is cold resistant. (rC+)
                  | [potion of mutation]
  7650 | D:7      | Gained mutation: You are agile. (Dex +2) [potion of
                  | mutation]
  7650 | D:7      | Gained mutation: You are very agile. (Dex +4) [potion of
                  | mutation]
  8077 | D:7      | Noticed hyperldf's ghost (novice TeCj)
  8078 | D:7      | Found a transporter.
  8078 | D:7      | Noticed a six-headed hydra
  8079 | D:7      | Found a transporter.
  8177 | D:7      | Noticed an eight-headed hydra
  8185 | D:7      | Slain by a five-headed hydra

Illustrated notes

Levels and vault maps discovered:
D:1:      sevenhm_arrival_forest_fort_small_6, layout_basic,
          ebering_ecumenical_altar_sacrificial, minmay_hexomino_r4
D:2:      layout_basic, minmay_shallow_snake_nest, uniq_sigmund, uniq_natasha,
          uniq_jessica
D:3:      layout_rooms, mainiacjoe_overflow_surrounded_room,
          lemuel_coloured_pillars_altar
D:4:      layout_loops_ring, nicolae_gozag_seed_capital,
          gammafunk_ghost_gnarly_gnolls, uniq_robin, uniq_eustachio
D:5:      layout_basic, kennysheep_mini, chequers_serial_rivers_micro_d
D:6:      layout_basic, lemuel_temple_firewalk_b, gammafunk_ghost_stat_death,
          kennysheep_generic_room_10
D:7:      layout_basic, gammafunk_ghost_arena, minmay_starry_boxes
Temple:   eino_narrow_crystal_temple

Skill      XL: |  1  2  3  4  5  6  7  8  9 |
---------------+----------------------------+-----
Stealth        | 3 4 5 7 8 9 |  9.3
Dodging        | 4 5 6 |  6.8
Unarmed Combat | 4 5 |  5.9
Fighting       | 4 5 6 |  6.2
Axes           | 2 3 |  3.9
Throwing       | |  0.6

Action                   |  1- 3 |  4- 6 |  7- 9 || total
-------------------------+-------+-------+-------++-------
Melee: Unarmed           |    62 |    73 |    75 ||   210
       Constrict         |    13 |    16 |    41 ||    70
       Tentacles         |     9 |    19 |    45 ||    73
       Kick              |       |     6 |    66 ||    72
       Punch             |       |       |    15 ||    15
       Hand axe          |       |       |    87 ||    87
Throw: Boomerang         |       |       |     8 ||     8
  Use: Scroll            |     9 |     4 |     7 ||    20
       Potion            |     1 |     2 |     7 ||    10
 Stab: Sleeping          |     6 |    19 |    18 ||    43
       Invisible         |       |     2 |       ||     2
       Distracted        |       |     1 |       ||     1
Armor: Skin              |     7 |     1 |     3 ||    11
Dodge: Dodged            |    46 |    44 |   125 ||   215

Table legend: (Time is in decaauts)
 A = Elapsed time spent in this place.
 B = Non-inter-level travel time spent in this place.
 C = Inter-level travel time spent in this place.
 D = Time resting spent in this place.
 E = Time spent auto-exploring this place.
 F = Levels seen in this place.
 G = Mean time per level.
                   A        B        C        D        E       F      G
               +--------+--------+--------+--------+--------+-----+--------+
         Total |   8191 |   8025 |    166 |      0 |   6871 |   8 | 1023.9 |
       Dungeon |   8015 |   7861 |    154 |      0 |   6715 |   7 | 1145.0 |
        Temple |    175 |    163 |     12 |      0 |    156 |   1 |  175.0 |
               +--------+--------+--------+--------+--------+-----+--------+

Top non-repeatable levels by time:
     D:6: 1570 daAuts
     D:2: 1528 daAuts
     D:4: 1291 daAuts
     D:7: 1124 daAuts
     D:5: 1040 daAuts
     D:1: 970 daAuts
     D:3: 488 daAuts
  Temple: 175 daAuts
